 Dungeon Crawl Stone Soup version 0.27-a0-1046-g98bf31544f (webtiles) character file.

Game seed: 13976125418205540414

652 Nosferatu13666 the Covert (level 7, -6/35 HPs)
             Began as a Spriggan Brigand on Apr 19, 2021.
             Was an Initiate of Dithmenos.
             Killed by nerve-wracking pain
             ... invoked by an orc priest
              (14 damage)
             ... on level 6 of the Dungeon.
             The game lasted 00:26:51 (7935 turns).

Nosferatu13666 the Covert (Spriggan Brigand)        Turns: 7935, Time: 00:26:51

Health: -6/35      AC:  3    Str:  7    XL:     7   Next: 28%
Magic:  12/12      EV: 20    Int: 12    God:    Dithmenos [......]
Gold:   259        SH:  0    Dex: 19    Spells: 11/11 levels left

rFire    . . .     SeeInvis +   a - +2 dagger
rCold    . . .     Faith    .   (shield restricted)
rNeg     . . .     Spirit   .   b - +0 robe
rPois    +         Reflect  .   (helmet restricted)
rElec    .         Harm     .   c - +0 cloak
rCorr    .         Rampage  .   (gloves unavailable)
Will     +....                  (boots unavailable)
Stlth    ++++......             (no amulet)
HPRegen  0.11/turn              f - ring of poison resistance
MPRegen  0.13/turn              (no ring)

@: very slightly contaminated, invisible, very quick
A: very small, no large weapons, unfitting armour, see invisible, speed 3
a: Renounce Religion


You were on level 6 of the Dungeon.
You worshipped Dithmenos.
Dithmenos was noncommittal.
You visited 2 branches of the dungeon, and saw 7 of its levels.

You collected 259 gold pieces.

Inventory:

Hand Weapons
 a - a +2 dagger (weapon)
Missiles
 h - 2 poisoned darts (quivered)
Armour
 b - a +0 robe (worn)
 c - a +0 cloak (worn)
Jewellery
 f - a ring of poison resistance (left hand)
Scrolls
 d - a scroll of identify
 j - a scroll of fog {unknown}
 m - 2 scrolls of amnesia {unknown}
 n - a scroll of teleportation
 o - a scroll of summoning {unknown}
Potions
 e - a potion of cancellation
 i - 2 potions of degeneration {unknown}
 k - a potion of lignification {unknown}
 l - a potion of flight {unknown}


   Skills:
 + Level 2.6 Fighting
 + Level 4.1 Short Blades
 + Level 3.6 Throwing
 * Level 4.8 Dodging
 + Level 8.5 Stealth
 + Level 2.8 Spellcasting


You had 11 spell levels left.
You didn't know any spells.
Your spell library was empty.

Dungeon Overview and Level Annotations

Branches:
Dungeon (6/15)             Temple (1/1) D:5

Altars:
Dithmenos
Elyvilon
Fedhas
Hepliaklqana
Kikubaaqudgha
Qazlal
Ru
Sif Muna
Trog
Uskayaw
Vehumet
Xom

Shops:
D:4 !*


Innate Abilities, Weirdness & Mutations

You are very small and have problems with some larger weapons.
You are too small for most types of armour.
You have supernaturally acute eyesight. (SInv)
You cover ground extremely quickly. (Speed+++)


Message History

An orc priest is nearby!
Throw: 5 darts (poison)
Press: ? - help, Q - select action Shift-Dir - straight line, f - orc priest
Aim: an orc priest, wielding a +0 mace (wandering, hasn't noticed you, 63% to hit)
You throw a poisoned dart. The poisoned dart hits the orc priest.
The orc priest shouts!
Throw: 4 darts (poison)
Press: ? - help, Q - select action Shift-Dir - straight line, f/p - orc priest
Aim: an orc priest, wielding a +0 mace (63% to hit)
You throw a poisoned dart. The poisoned dart hits the orc priest!
The orc priest is poisoned.
Throw: 3 darts (poison)
Press: ? - help, Q - select action Shift-Dir - straight line, f/p - orc priest
Aim: an orc priest, wielding a +0 mace (moderately wounded, very poisoned, 63% to hit)
You throw a poisoned dart.
The poisoned dart closely misses the orc priest.
The orc priest invokes the aid of Beogh against you.
Pain shoots through your body!
You hit the orc priest.
The orc priest is moderately wounded.
The orc priest barely misses you.
You completely miss the orc priest.
The orc priest is moderately wounded.
You hit the orc priest.
The orc priest is severely wounded.
The orc priest mumbles some strange prayers to Beogh against you.
Beogh smites you!
You barely miss the orc priest.
The orc priest is severely wounded.
The orc priest hits you with a +0 mace.
* * * LOW HITPOINT WARNING * * *
You closely miss the orc priest.
The orc priest is severely wounded.
The orc priest completely misses you.
You fade into invisibility!
The orc priest misses you.
You are very lightly contaminated with residual magic.
The orc priest calls down the wrath of Beogh upon you.
Pain shoots through your body!
You die...

#.# #.# #.# #.# .#.
#.####.######. .#.
#............. .s
######.###### ..
#.# .# #.# .#
#.##########.#s##..
#.....@os(..(..s...
##############.....
###


You could see a scorpion and an orc priest (poisoned).

Vanquished Creatures
  An orc warrior (D:6)
  A water moccasin zombie (D:5)
  A water moccasin skeleton (D:4)
  3 hounds
  Crazy Yiuf (D:4)
  2 centaur zombies
  An iguana (D:6)
  An orc wizard (D:3)
  A hound skeleton (D:5)
  5 gnolls
  5 adders
  An ufetubus (D:4)
  2 worms (D:2)
  An adder skeleton (D:5)
  2 dart slugs
  12 orcs
  6 endoplasms
  6 giant cockroaches
  5 goblins
  2 hobgoblins
  10 jackals
  3 quokkas
  11 ball pythons
  5 bats
  4 frilled lizards
  5 kobolds
  3 rats (D:3)
100 creatures vanquished.

Vanquished Creatures (others)
  19 plants
19 creatures vanquished.

Grand Total: 119 creatures vanquished

Notes
Turn   | Place    | Note
-------+----------+-------------------------------------------
     0 | D:1      | Nosferatu13666 the Spriggan Brigand began the quest for the
                  | Orb.
     0 | D:1      | Reached XP level 1. HP: 10/10 MP: 2/2
    97 | D:1      | Reached skill level 6 in Stealth
   235 | D:1      | Found a faded altar of an unknown god.
   392 | D:1      | Reached XP level 2. HP: 14/14 MP: 3/3
  1017 | D:2      | Reached XP level 3. HP: 9/18 MP: 4/4
  1383 | D:2      | Reached skill level 7 in Stealth
  2258 | D:2      | Reached XP level 4. HP: 19/23 MP: 5/5
  3037 | D:3      | Reached XP level 5. HP: 19/26 MP: 5/7
  3046 | D:3      | Reached skill level 1 in Spellcasting
  3775 | D:4      | Found Gucwofuq's Assorted Antiques.
  3791 | D:4      | Identified the +10 demon trident "Ogrebane" {venom, rPois
                  | rN+}
  4013 | D:4      | Found a runed translucent door.
  4683 | D:4      | Reached XP level 6. HP: 19/30 MP: 9/9
  5063 | D:4      | Found Xabadiah's Distillery.
  5164 | D:4      | Reached skill level 8 in Stealth
  5327 | D:4      | Noticed Crazy Yiuf
  5438 | D:4      | Killed Crazy Yiuf
  5571 | D:5      | Entered Level 5 of the Dungeon
  6812 | D:5      | Found a staircase to the Ecumenical Temple.
  7240 | Temple   | Entered the Ecumenical Temple
  7274 | Temple   | Became a worshipper of Dithmenos the Shadowed
  7386 | D:6      | Reached XP level 7. HP: 20/35 MP: 11/11
  7616 | D:6      | HP: 1/35 [orc warrior/+0 dire flail (22)]
  7935 | D:6      | Killed from afar by an orc priest

Illustrated notes

Levels and vault maps discovered:
D:1:      matt_arrival_spirals, layout_basic, ebering_ecumenical_altar_petrified
D:2:      layout_rooms, serial_forest, infiniplex_forest_clump_double,
          infiniplex_forest_clump_double, infiniplex_forest_straight_4,
          infiniplex_forest_clump_long, infiniplex_forest_lined_3_way,
          infiniplex_forest_lined_corner, infiniplex_forest_clump_C,
          infiniplex_forest_straight_1, infiniplex_forest_clump_tiny,
          infiniplex_forest_clump_cross, chequers_mini_garden,
          cheibrodos_gnoll_hut
D:3:      layout_loops_ring, wad_rectangle_vault
D:4:      layout_loops_cross, serial_shops, nicolae_shop_waterfront,
          kennysheep_little_box, kennysheep_small_square,
          uniq_crazy_yiuf_cottage
D:5:      layout_basic, minmay_temple_entry_stoned_glass, glass_columns_c
D:6:      layout_basic, bh_walls_and_bars, uniq_grinder
Temple:   kilobyte_greek_temple

Skill      XL: |  1  2  3  4  5  6 |
---------------+-------------------+-----
Stealth        | 6 7 8 |  8.5
Short Blades   | 3 4 |  4.1
Dodging        | 2 3 4 |  4.8
Spellcasting   | 1 2 |  2.8
Fighting       | 2 |  2.6
Throwing       | 3 |  3.6

Action                   |  1- 3 |  4- 6 |  7- 9 || total
-------------------------+-------+-------+-------++-------
Melee: Dagger            |   144 |   196 |    15 ||   355
Throw: Dart              |    27 |    72 |     6 ||   105
  Use: Scroll            |     4 |     2 |       ||     6
       Potion            |     1 |       |     1 ||     2
 Stab: Sleeping          |    10 |    15 |     1 ||    26
       Invisible         |     1 |       |       ||     1
       Distracted        |       |     1 |       ||     1
Armor: Robe              |    27 |    28 |       ||    55
Dodge: Dodged            |   108 |   170 |     8 ||   286

Table legend: (Time is in decaauts)
 A = Elapsed time spent in this place.
 B = Non-inter-level travel time spent in this place.
 C = Inter-level travel time spent in this place.
 D = Time resting spent in this place.
 E = Time spent auto-exploring this place.
 F = Levels seen in this place.
 G = Mean time per level.
                   A        B        C        D        E       F      G
               +--------+--------+--------+--------+--------+-----+--------+
         Total |   5937 |   5674 |    263 |   1404 |   3017 |   7 |  848.1 |
       Dungeon |   5896 |   5638 |    258 |   1404 |   3017 |   6 |  982.7 |
        Temple |     41 |     36 |      5 |      0 |      0 |   1 |   41.0 |
               +--------+--------+--------+--------+--------+-----+--------+

Top non-repeatable levels by time:
     D:4: 1466 daAuts
     D:2: 1164 daAuts
     D:5: 1057 daAuts
     D:3: 1050 daAuts
     D:1: 637 daAuts
     D:6: 519 daAuts
  Temple: 41 daAuts
